 Dungeon Crawl Stone Soup version 0.30-a0-263-ge22c4ad894 (webtiles) character file.

Game seed: 10779711587636842370

417 brknglss the Magician (level 7, -3/49 HPs)
             Began as a Djinni Fire Elementalist on Oct 13, 2022.
             Slain by a gnoll
             ... wielding a +0 flail
              (6 damage)
             ... on level 4 of the Dungeon.
             The game lasted 00:06:49 (3038 turns).

brknglss the Magician (Djinni Fire Elementalist)    Turns: 3038, Time: 00:06:50

Health: -3/49      AC:  2    Str:  7    XL:     7   Next: 15%
Gold:   235        EV: 13    Int: 19    God:
                   SH:  5    Dex: 13

rFire   + + .      SeeInvis .    o - +1 short sword (drain)
rCold   x . .      Faith    .    (no shield)
rNeg    . . .      Spirit   .    a - +0 robe
rPois   ∞          Reflect  +    (no helmet)
rElec   .          Harm     .    (no cloak)
rCorr   .          Rampage  .    (no gloves)
Will    .....                    (boots unavailable)
Stlth   ++........               p - amulet of reflection
HPRegen 0.28/turn                (no ring)
MPRegen 0.00/turn                (no ring)

@: flying
A: sickness immunity, fire resistance 2, cold vulnerability 1, float, innate
caster, HP casting, extra vitality 1
a: no special abilities


You were on level 4 of the Dungeon.
You visited 1 branch of the dungeon, and saw 4 of its levels.

You collected 235 gold pieces.

Inventory:

Hand Weapons
 k - a +0 dagger of venom
 o - a +1 short sword of draining (weapon)
Missiles
 s - a throwing net
Armour
 a - a +0 robe (worn)
Jewellery
 p - an amulet of reflection (around neck)
 r - a +6 ring of strength
Wands
 n - a wand of charming (18)
Scrolls
 b - a scroll of amnesia {unknown}
 d - 3 scrolls of identify {unknown}
 f - 4 scrolls of blinking {unknown}
 g - a scroll of vulnerability {unknown}
 j - a scroll of fog {unknown}
 l - 2 scrolls of teleportation {unknown}
 q - a scroll of magic mapping {unknown}
Potions
 c - 3 potions of mutation {unknown}
 e - 2 potions of brilliance {unknown}
 h - a potion of heal wounds {unknown}
 i - 2 potions of attraction {unknown}
 m - a potion of curing {unknown}
 t - a potion of degeneration {unknown}


   Skills:
 + Level 2.7 Fighting
 + Level 2.7 Armour
 + Level 4.0 Dodging
 - Level 1.5 Stealth
 * Level 4.0 Spellcasting


You couldn't memorise any spells.
You knew the following spells:

 Your Spells              Type           Power      Damage    Failure   Level
a - Foxfire               Conj/Fire      76%        2x1d7     2%          1
b - Scorch                Fire           38%        2d7       3%          2
c - Kindle Blastsparks    Fire/Tloc/Air  38%        2d13      8%          3
d - Inner Flame           Hex/Fire       19%        N/A       8%          3
e - Flame Wave            Conj/Fire      19%        2d7       26%         4
f - Necrotise             Necr           76%        1d7       2%          1
g - Passwall              Tmut/Erth      15%        N/A       3%          2
h - Gell's Gravitas       Tloc           19%        N/A       8%          3
Your spell library was empty.

Dungeon Overview and Level Annotations

Branches:
Dungeon (4/15)
 Temple: D:4-7

Altars:

Shops:
D:4 (


Innate Abilities, Weirdness & Mutations

You are immune to sickness and miasma.
You are immune to poison.
Your flesh is very heat resistant. (rF++)
You are vulnerable to cold. (rC-)
You float through the air rather than walking.
You learn spells naturally, not from books.
Your magical power is your life essence.
You have superior vitality. (+4 MHP)


Message History

The gnoll's fire resistance burns away.
The gnoll barely misses you. The gnoll closely misses you. x2
Casting: Scorch (safe; 4% risk of failure)
Confirm with . or Enter, or press ? or * to list all spells.
Flames lash the gnoll.
The gnoll is almost dead.
You block the gnoll's attack. The gnoll barely misses you.
The gnoll misses you.
Casting: Scorch (safe; 4% risk of failure)
Confirm with . or Enter, or press ? or * to list all spells.
You conjure some foxfire!
You block the gnoll's attack. The gnoll closely misses you.
The gnoll hits you but does no damage. The gnoll attacks as you move away!
You block the gnoll's attack. The gnoll attacks as you move away!
The gnoll closely misses you.
The foxfire hits the gnoll.
You kill the gnoll!
The foxfire hits the gnoll.
The gnoll is heavily wounded.
Casting: Foxfire (safe; 2% risk of failure)
Confirm with . or Enter, or press ? or * to list all spells.
Flames lash the gnoll.
You kill the gnoll!
The gnoll is no longer more vulnerable to fire.
The gnoll hits you with a +0 flail. The gnoll attacks as you move away!
The gnoll hits you with a +0 flail!
* * * LOW HITPOINT WARNING * * *
Casting: Scorch (safe; 3% risk of failure)
Confirm with . or Enter, or press ? or * to list all spells.
Flames lash the gnoll.
The gnoll is severely wounded.
The gnoll's fire resistance burns away.
* * * LOW HITPOINT WARNING * * *
The gnoll hits you with a +0 flail!
* * * LOW HITPOINT WARNING * * *
Casting: Scorch (safe; 3% risk of failure)
Confirm with . or Enter, or press ? or * to list all spells.
You conjure some foxfire!
* * * LOW HITPOINT WARNING * * *
The gnoll hits you with a +0 flail.
You die...

#........#...#.#.........##
.>..........##.#...........
#.........#.#..#...........
..........#.#..#....).....#
..........#........w!......
.......#..#.......).)......
(<.....#.....##............
.........†#....v.g......###
........†.......@.#....##
..........###.##.v##....#
#.........##......##...##
....†#.............#...#
.......##..#####..##†..#
.......##### #...).###
.....### #.....# ...##
##...## ### ##...#


You could see a gnoll (combustible, ally target) and a dart slug.

Vanquished Creatures
  2 phantoms (D:4)
  A scorpion (D:4)
  2 hounds
  An iguana (D:4)
  3 gnolls (D:4)
  4 adders
  5 orcs
  4 bats
  An endoplasm (D:3)
  3 giant cockroaches
  10 goblins
  6 hobgoblins
  3 kobolds (D:3)
  4 quokkas
  3 training dummies (D:4)
  6 ball pythons
  A frilled lizard (D:3)
  4 rats
63 creatures vanquished.

Vanquished Creatures (others)
  149 foxfires
149 creatures vanquished.

Grand Total: 212 creatures vanquished

Notes
Turn   | Place    | Note
-------+----------+-------------------------------------------
     0 | D:1      | brknglss the Djinni Fire Elementalist began the quest for
                  | the Orb.
     0 | D:1      | brknglss set off with the following spells memorised:
                  | Foxfire, Scorch, Kindle Blastsparks, Inner Flame, Flame
                  | Wave.
     0 | D:1      | Reached XP level 1. HP: 15/15 MP: 0/0
   339 | D:1      | Reached XP level 2. HP: 21/22 MP: 0/0
  1304 | D:2      | Reached XP level 3. HP: 17/26 MP: 0/0
  1304 | D:2      | Learned a level 1 spell: Necrotise
  1305 | D:2      | Reached skill level 1 in Fighting
  1305 | D:2      | Reached skill level 1 in Armour
  1728 | D:3      | Reached XP level 4. HP: 9/32 MP: 0/0
  2004 | D:3      | Reached XP level 5. HP: 37/37 MP: 0/0
  2004 | D:3      | Learned a level 2 spell: Passwall
  2572 | D:4      | Noticed a phantom
  2581 | D:4      | Killed a phantom
  2586 | D:4      | Reached XP level 6. HP: 18/43 MP: 0/0
  2599 | D:4      | Found Azxah's Firing Range.
  2977 | D:4      | Reached XP level 7. HP: 40/49 MP: 0/0
  2977 | D:4      | Learned a level 3 spell: Gell's Gravitas
  3038 | D:4      | Slain by a gnoll

Illustrated notes

Levels and vault maps discovered:
D:1:      minmay_arrival_five_plusses, layout_basic
D:2:      layout_loops_ring, minmay_cupped
D:3:      layout_basic
D:4:      layout_cave_pools, nicolae_ru_path_of_blood,
          nicolae_shop_firing_range, uniq_robin

Skill      XL: |  1  2  3  4  5  6  7 |
---------------+----------------------+-----
Fighting       | 1 2 |  2.7
Armour         | 1 2 |  2.7
Spellcasting   | 3 4 |  4.0
Dodging        | 3 4 |  4.0
Stealth        | |  1.5

Action                   |  1- 3 |  4- 6 |  7- 9 || total
-------------------------+-------+-------+-------++-------
Melee: Dagger            |    13 |       |       ||    13
       Unarmed           |     3 |       |       ||     3
       Long sword        |    28 |       |       ||    28
       Punch             |     1 |       |       ||     1
       Short sword       |       |    24 |       ||    24
 Cast: Foxfire           |    42 |    45 |     6 ||    93
       Scorch            |       |    15 |     7 ||    22
 Stab: Sleeping          |     3 |     1 |       ||     4
Armor: Robe              |    15 |     8 |     1 ||    24
Dodge: Dodged            |    42 |    23 |    11 ||    76
Block: Other             |       |     3 |     4 ||     7

Table legend: (Time is in decaauts)
 A = Elapsed time spent in this place.
 B = Non-inter-level travel time spent in this place.
 C = Inter-level travel time spent in this place.
 D = Time resting spent in this place.
 E = Time spent auto-exploring this place.
 F = Levels seen in this place.
 G = Mean time per level.
                   A        B        C        D        E       F      G
               +--------+--------+--------+--------+--------+-----+--------+
         Total |   3048 |   2999 |     49 |    597 |   1715 |   4 |  762.0 |
       Dungeon |   3048 |   2999 |     49 |    597 |   1715 |   4 |  762.0 |
               +--------+--------+--------+--------+--------+-----+--------+

Top non-repeatable levels by time:
     D:3: 1169 daAuts
     D:2: 883 daAuts
     D:1: 756 daAuts
     D:4: 238 daAuts
